 Dungeon Crawl Stone Soup version 0.32-a0-35-gd9ff480968 (webtiles) character file.

Game seed: 202047140171860190

11839 Slingman the Severer (level 11, 0/95 HPs)
             Began as a Hill Orc Gladiator on Jan 21, 2024.
             Was a Believer of Makhleb.
             Killed from afar by an electric eel (9 damage)
             ... with a bolt of electricity
             ... on level 10 of the Dungeon.
             The game lasted 00:45:55 (8110 turns).

Slingman the Severer (Hill Orc Gladiator)           Turns: 8110, Time: 00:45:56

Health: 0/95       AC:  5    Str: 22    XL:     11   Next: 84%
Magic:  11/11      EV: 12    Int:  8    God:    Makhleb [**....]
Gold:   497        SH:  5    Dex: 12    Spells: 10/10 levels left

rFire   + . .        f - +3 battleaxe (elec)
rCold   + . .        (shield currently unavailable)
rNeg    . . .        o - +3 ring mail {rC+}
rPois   .            c - melded +0 helmet
rElec   .            (cloak currently unavailable)
rCorr   .            (gloves currently unavailable)
SInv    +            q - melded +1 pair of boots
Will    +....        j - amulet "Esedith" {Reflect rF+ SH+5}
Stlth   +            s - ring of willpower
HPRegen 0.35/turn    y - ring of see invisible
MPRegen 0.12/turn

%: reflection
@: beast-form, corroded
A: beast (slay +1)
a: Begin Untransformation, Renounce Religion, Minor Destruction


You were on level 10 of the Dungeon.
You worshipped Makhleb.
Makhleb was pleased with you.
You were a hulking beast.
You visited 2 branches of the dungeon, and saw 11 of its levels.

You collected 497 gold pieces.

Inventory:

Hand Weapons
 a - a +0 war axe
 f - a +3 battleaxe of electrocution (weapon)
 i - a +2 scythe of flaming
 m - a +1 spectral club
 C - a +1 heavy sling
Missiles
 e - 3 javelins
 F - a throwing net (quivered)
Armour
 c - a +0 helmet (melded)
 d - an orb of mayhem
 o - a +3 ring mail of cold resistance (worn)
 q - a +1 pair of boots (melded)
 D - +1 swamp dragon scales
 H - an orb of energy
Jewellery
 b - an amulet of reflection
 j - the amulet "Esedith" (around neck) {Reflect rF+ SH+5}
   (You took it off a goblin on level 2 of the Dungeon)

   [amulet of reflection]

   Reflect:   It reflects blocked missile attacks.
   rF+:       It protects you from fire.
   SH+5:      It affects your SH (+5).
 s - a ring of willpower (left hand)
 y - a ring of see invisible (right hand)
Talismans
 n - a beast talisman (active)
 w - a blade talisman
 A - a maw talisman
Wands
 l - a wand of charming (10)
 r - a wand of flame (40)
Scrolls
 h - 7 scrolls of teleportation
 p - 2 scrolls of poison
 t - 4 scrolls of revelation
 x - a scroll of immolation
 z - 5 scrolls of identify
Potions
 g - 2 potions of ambrosia
 k - 2 potions of curing
 u - 2 potions of mutation
 B - a potion of might


   Skills:
 + Level 8.5 Fighting
 * Level 18.8 Axes
 - Level 2.0 Throwing
 + Level 6.0 Armour
 + Level 4.7 Dodging
 + Level 3.0 Shields
 + Level 3.1 Shapeshifting


You had 10 spell levels left.
You didn't know any spells.
Your spell library contained the following spells:

 Spells                   Type           Power      Damage    Failure   Level
 Shock                    Conj/Air       0%         1d3       54%         1
 Lesser Beckoning         Tloc           0%         N/A       69%         2
 Mercury Vapours          Alch/Air       0%         N/A       69%         2
 Dazzling Flash           Conj/Hex       0%         N/A       89%         3
 Gell's Gravitas          Tloc           0%         N/A       89%         3
 Mephitic Cloud           Conj/Alch/Air  0%         N/A       89%         3
 Swiftness                Air            0%         N/A       89%         3
 Teleport Other           Tloc           0%         N/A       89%         3
 Airstrike                Air            0%         2d(0-16)  100%        4
 Animate Dead             Necr           0%         N/A       100%        4
 Cause Fear               Hex            0%         N/A       100%        4
 Curse of Agony           Necr           0%         N/A       100%        5
 Fireball                 Conj/Fire      0%         3d3       100%        5
 Freezing Cloud           Conj/Ice/Air   0%         6-21      100%        5
 Silence                  Hex/Air        0%         N/A       100%        5
 Haunt                    Necr/Summ      0%         N/A       100%        7
 Infestation              Necr           0%         N/A       100%        8
 Dragon's Call            Summ           0%         N/A       100%        9


Dungeon Overview and Level Annotations

Branches:
Dungeon (10/15)            Temple (1/1) D:6            Lair (0/5) D:8
    Orc: D:9-12

Altars:
Ashenzari
Dithmenos
Elyvilon
Fedhas
Gozag
Hepliaklqana
Kikubaaqudgha
Makhleb
Nemelex Xobeh
Okawaru
Qazlal
Ru
Sif Muna
Trog
Uskayaw
Vehumet
Xom
Yredelemnul
Zin
The Shining One

Shops:
D:7 =

Portals:
Trove: D:10 (give +3 storm dragon scales)


Message History

An electric eel comes into view.
The electric eel shoots out a bolt of lightning at you!
The bolt of electricity misses you.
An electric eel comes into view.
An acid dragon and an electric eel come into view.
The acid dragon roars!
The acid dragon spits acid at you. The splash of acid misses you.
The electric eel shoots out a bolt of lightning at you!
The bolt of electricity hits the electric eel.
The electric eel completely resists.
The bolt of electricity hits you!
The electric eel shoots out a bolt of lightning at you!
The bolt of electricity hits you!
The electric eel shoots out a bolt of lightning at you!
The bolt of electricity hits you!
You hear an angry hiss.
The electric eel shoots out a bolt of lightning at you!
The bolt of electricity hits the electric eel.
The electric eel completely resists.
The bolt of electricity hits you!
You start resting.
An acid dragon is nearby!
The acid dragon spits acid at you. The splash of acid hits you!!
The acid corrodes you! The acid dragon closely misses you.
The acid dragon claws you.
The electric eel shoots out a bolt of lightning at you!
The bolt of electricity hits the acid dragon.
The bolt of electricity misses you. The bolt of electricity hits you!
* * * LOW HITPOINT WARNING * * *
A komodo dragon comes into view.
You hit the acid dragon but do no damage.
The acid dragon is lightly wounded.
The acid dragon bites you!
* * * LOW HITPOINT WARNING * * *
The acid dragon claws you.
* * * LOW HITPOINT WARNING * * *
An electric eel comes into view.
The electric eel shoots out a bolt of lightning at you!
The bolt of electricity hits the acid dragon.
The bolt of electricity hits you!
You die...

#.≈...≈.##########.#
#.≈.∩§§.#.# #.#
#§§§§.≈.#.# #.#
#§§§§§≈...# #.#
#§§§§...#.# #.#
##§§##.##.# #.#
##§§.....# #.#
#######.########.#
#.....h.##.#
#######D# #.#


.SS ≈~l≈≈ ≈~≈≈≈≈≈ ≈≈S≈S≈≈≈≈ D≈≈≈≈≈≈≈≈≈≈ ≈S≈≈≈≈≈≈≈≈≈≈≈ You could see a komodo
dragon, an acid dragon (catching breath) and 3 electric eels.

Vanquished Creatures
  3 two-headed ogres
  A tengu warrior (D:10)
  Pikel (D:5)
  2 elephants (D:8)
  Maggie (D:10)
  An unseen horror (D:10)
  Jeremiah (D:8)
  A tengu conjurer (D:10)
  Psyche (D:8)
  Prince Ribbit (D:7)
  A troll (D:9)
  Sigmund (D:3)
  A wraith (D:6)
  Eustachio (D:5)
  11 yaks (D:8)
  3 wyverns
  Grum (D:8)
  3 steam dragons
  Menkaure (D:7)
  An acid dragon (D:9)
  2 water moccasins
  Edmund (D:5)
  2 orc warriors (D:8)
  Duvessa (D:7)
  2 ice beasts (D:6)
  A sky beast (D:7)
  7 black bears
  An ogre (D:6)
  2 wolves (D:8)
  2 phantoms
  2 kobold brigands
  A gnoll sergeant (D:6)
  2 bullfrogs (D:8)
  A scorpion (D:4)
  Dowan (D:7)
  4 howler monkeys
  2 bombardier beetles (D:4)
  4 jellies
  5 orc priests
  2 hounds (D:5)
  A sleepcap (D:4)
  Ijyb (D:5)
  2 iguanas
  10 orc wizards
  5 adders
  7 gnolls
  A shadow imp (D:5)
  2 ufetubi (D:5)
  A dart slug (D:1)
  2 ribbon worms (D:2)
  32 orcs
  6 bats
  4 endoplasms
  5 giant cockroaches
  4 goblins
  5 hobgoblins
  9 kobolds
  3 quokkas
  4 ball pythons
  3 frilled lizards
  A rat (D:1)
190 creatures vanquished.

Vanquished Creatures (others)
  An orc wizard (D:4)
1 creature vanquished.

Grand Total: 191 creatures vanquished

Notes
Turn   | Place    | Note
-------+----------+-------------------------------------------
     0 | D:1      | Slingman the Hill Orc Gladiator began the quest for the
                  | Orb.
     0 | D:1      | Reached XP level 1. HP: 18/18 MP: 1/1
    74 | D:1      | Reached XP level 2. HP: 25/25 MP: 2/2
   496 | D:1      | Identified a scroll of acquirement
   497 | D:1      | Acquired a +1 battleaxe of electrocution
   579 | D:2      | Reached XP level 3. HP: 30/30 MP: 3/3
   622 | D:2      | Reached skill level 5 in Axes
   627 | D:2      | Identified the amulet "Esedith" {Reflect rF+ SH+5}
   814 | D:2      | Found a faded altar of an unknown god.
  1271 | D:3      | Noticed a black bear
  1278 | D:3      | Killed a black bear
  1279 | D:3      | Reached skill level 6 in Axes
  1279 | D:3      | Reached skill level 1 in Armour
  1279 | D:3      | Reached XP level 4. HP: 38/38 MP: 4/4
  1279 | D:3      | Reached XP level 5. HP: 45/45 MP: 5/5
  1288 | D:3      | Noticed Sigmund
  1297 | D:3      | Killed Sigmund
  1298 | D:3      | Reached skill level 7 in Axes
  1298 | D:3      | Reached XP level 6. HP: 47/51 MP: 6/6
  1330 | D:3      | You fall into a shaft and drop 1 floor!
  1349 | D:4      | Found a blossoming altar of Fedhas.
  1603 | D:4      | Reached skill level 8 in Axes
  1751 | D:4      | Reached XP level 7. HP: 27/58 MP: 7/7
  2103 | D:4      | Reached skill level 9 in Axes
  2196 | D:4      | Found a shimmering blue altar of Sif Muna.
  2473 | D:5      | Entered Level 5 of the Dungeon
  2628 | D:5      | Found a sacrificial altar of Ru.
  2665 | D:5      | Reached skill level 10 in Axes
  2669 | D:5      | Reached XP level 8. HP: 31/66 MP: 8/8
  2821 | D:5      | Noticed Ijyb
  2836 | D:5      | Killed Ijyb
  2916 | D:5      | Noticed Edmund
  2920 | D:5      | Killed Edmund
  3073 | D:5      | Noticed Eustachio
  3082 | D:5      | Killed Eustachio
  3083 | D:5      | Reached skill level 11 in Axes
  3166 | D:5      | Reached skill level 1 in Shapeshifting
  3210 | D:5      | Noticed Pikel
  3220 | D:5      | Killed Pikel
  3221 | D:5      | Reached skill level 12 in Axes
  3221 | D:5      | Reached skill level 1 in Shields
  3221 | D:5      | Reached XP level 9. HP: 48/73 MP: 9/9
  3222 | D:5      | Reached skill level 5 in Fighting
  3517 | D:5      | Reached skill level 13 in Axes
  3848 | D:6      | Found a glowing golden altar of the Shining One.
  3946 | D:6      | Found a staircase to the Ecumenical Temple.
  3951 | Temple   | Entered the Ecumenical Temple
  4059 | Temple   | Became a worshipper of Makhleb the Destroyer
  4259 | D:6      | Reached skill level 14 in Axes
  4279 | D:6      | Found a glowing silver altar of Zin.
  4757 | D:7      | Noticed Prince Ribbit
  4777 | D:7      | Killed Prince Ribbit
  4867 | D:7      | Reached XP level 10. HP: 78/83 MP: 10/10
  4897 | D:7      | Noticed Menkaure
  4910 | D:7      | Killed Menkaure
  5245 | D:7      | Noticed Dowan
  5247 | D:7      | Noticed Duvessa
  5256 | D:7      | Killed Duvessa
  5257 | D:7      | Reached skill level 15 in Axes
  5257 | D:7      | Killed Dowan
  5386 | D:7      | Found Jairu's Jewellery Boutique.
  5726 | D:8      | Noticed an elephant
  5732 | D:8      | Killed an elephant
  5732 | D:8      | Reached * piety under Makhleb
  6016 | D:8      | Reached skill level 16 in Axes
  6019 | D:8      | Reached skill level 5 in Armour
  6202 | D:8      | Noticed a two-headed ogre
  6210 | D:8      | Killed a two-headed ogre
  6281 | D:8      | Noticed Psyche
  6299 | D:8      | Killed Psyche
  6396 | D:8      | Noticed Jeremiah
  6400 | D:8      | Reached skill level 17 in Axes
  6400 | D:8      | Reached XP level 11. HP: 91/92 MP: 11/11
  6428 | D:8      | Killed Jeremiah
  6829 | D:8      | Found a staircase to the Lair.
  7256 | D:8      | Noticed Grum
  7260 | D:8      | Killed Grum
  7295 | D:9      | Noticed a two-headed ogre
  7302 | D:9      | Killed a two-headed ogre
  7303 | D:9      | Reached skill level 18 in Axes
  7306 | D:9      | Reached ** piety under Makhleb
  7500 | D:9      | Identified the +2 dagger of the Enemy {protect, Str+5 Int-2
                  | Dex+3}
  7607 | D:9      | Upgraded the game from 0.32-a0-33-g74fbe469d6 to
                  | 0.32-a0-35-gd9ff480968
  7629 | D:10     | Entered Level 10 of the Dungeon
  7629 | D:10     | Noticed a tengu warrior
  7631 | D:10     | Noticed a two-headed ogre
  7640 | D:10     | Killed a tengu warrior
  7646 | D:10     | Killed a two-headed ogre
  7934 | D:10     | Noticed Maggie
  7942 | D:10     | Killed Maggie
  8048 | D:10     | Found a portal to a secret trove of treasure.
  8110 | D:10     | Killed from afar by an electric eel

Illustrated notes

Levels and vault maps discovered:
D:1:      scummos_arrival_star, layout_rooms, serial_bayou, serial_bayou_pond_c,
          serial_bayou_pond_c, serial_bayou_shore_b, serial_bayou_ford_a,
          serial_bayou_pond_d
D:2:      layout_loops_cross, shapermc_ecumenical_altar_venn
D:3:      layout_basic, old_standard_altar, cheibriados_altar_1, serial_glass,
          glass_columns_b, glass_columns_a, uniq_sigmund
D:4:      layout_gridville, kennysheep_orc_sif_temple, fedhas_ov_isle_minmay,
          bh_walls_and_bars
D:5:      layout_loops_ring, nicolae_ru_great_annihilating_truth, uniq_ijyb,
          uniq_edmund, uniq_pikel, uniq_eustachio
D:6:      layout_basic, mainiacjoe_overflow_brackets, tso_metal_star,
          temple_statues, minmay_misc_feat_nine_boxes, hangedman_decor_opposing
D:7:      layout_basic, serial_shops, shop, uniq_prince_ribbit1, uniq_menkaure,
          uniq_duvessa
D:8:      layout_gridville, grunt_lair_entry_orc_guard_hut, uniq_psyche,
          uniq_grum, uniq_jeremiah
D:9:      layout_cross
D:10:     layout_basic, nicolae_trove_entry_isolated, uniq_maggie
Temple:   regret_index_temple_generic_petals

Skill      XL: |  1  2  3  4  5  6  7  8  9 10 11 |
---------------+----------------------------------+-----
Axes           | 6 7 8 10 12 14 17 18 | 18.8
Fighting       | 3 4 6 7 8 |  8.5
Armour         | 1 2 3 4 5 6 |  6.0
Dodging        | 3 4 |  4.7
Throwing       | 2 |  2.0
Shapeshifting  | 1 2 3 |  3.1
Shields        | 1 2 3 |  3.0

Action                     |  1- 3 |  4- 6 |  7- 9 | 10-12 || total
---------------------------+-------+-------+-------+-------++-------
  Melee: War axe           |    38 |       |       |       ||    38
         Battleaxe         |    60 |    43 |   162 |   198 ||   463
  Throw: Throwing net      |     2 |     2 |     5 |     8 ||    17
         Javelin           |       |       |       |     5 ||     5
Ability: Begin Untransform |       |       |     6 |     3 ||     9
    Use: Scroll            |     7 |       |     5 |     6 ||    18
         Potion            |     3 |       |     3 |     2 ||     8
   Stab: Held in net/web   |       |       |     1 |     2 ||     3
         Distracted        |       |       |       |     1 ||     1
 Armour: Leather armour    |    62 |    17 |    42 |       ||   121
         Ring mail         |       |       |    78 |   122 ||   200
  Dodge: Dodged            |    76 |    19 |   105 |    85 ||   285
  Block: Other             |       |     7 |    35 |    26 ||    68
         Reflection        |       |       |     1 |     1 ||     2
   Form: Beast             |       |       |     9 |     3 ||    12
                           |       |       |     2 |       ||     2

Table legend: (Time is in decaauts)
 A = Elapsed time spent in this place.
 B = Non-inter-level travel time spent in this place.
 C = Inter-level travel time spent in this place.
 D = Time resting spent in this place.
 E = Time spent auto-exploring this place.
 F = Levels seen in this place.
 G = Mean time per level.
                   A        B        C        D        E       F      G
               +--------+--------+--------+--------+--------+-----+--------+
         Total |   8173 |   7831 |    342 |   1163 |   4969 |  11 |  743.0 |
       Dungeon |   8032 |   7807 |    225 |   1163 |   4969 |  10 |  803.2 |
        Temple |    140 |     23 |    117 |      0 |      0 |   1 |  140.0 |
               +--------+--------+--------+--------+--------+-----+--------+

Top non-repeatable levels by time:
     D:8: 1649 daAuts
     D:4: 1160 daAuts
     D:5: 1110 daAuts
     D:6: 1041 daAuts
     D:7: 850 daAuts
     D:2: 722 daAuts
     D:1: 548 daAuts
    D:10: 474 daAuts
     D:9: 351 daAuts
  Temple: 140 daAuts
     D:3: 123 daAuts
